 Dungeon Crawl Stone Soup version 0.24-a0-500-g46574c2197 (webtiles) character file.

Game seed: 6208959873605031324

18 Essalna the Magician (level 2, -7/15 HPs)
             Began as a Gargoyle Wizard on July 15, 2019.
             Mangled by a gnoll
             ... wielding a +0 flail
              (9 damage)
             ... on level 1 of the Dungeon.
             The game lasted 00:02:17 (1329 turns).

Essalna the Magician (Gargoyle Wizard)              Turns: 1329, Time: 00:02:17

Health: -7/15      AC:  5    Str: 10    XL:     2   Next: 70%
Magic:  0/6        EV: 12    Int: 18    God:
Gold:   62         SH:  0    Dex:  8    Spells: 6/7 levels left

rFire    . . .     SeeInvis .   c - -1 mace (curse)
rCold    . . .     Gourm    .   (no shield)
rNeg     + . .     Faith    .   a - +0 robe
rPois    ∞         Spirit   .   b - +0 hat
rElec    +         Reflect  .   (no cloak)
rCorr    .         Harm     .   (no gloves)
MR       .....                  e - +0 pair of boots
Stlth    ++........             (no amulet)
HPRegen  0.05/turn              (no ring)
MPRegen  0.10/turn              (no ring)

@: very slightly contaminated
A: negative energy resistance 1, electricity resistance, unbreathing,
petrification resistance, rot immunity, AC +2
a: no special abilities


You were on level 1 of the Dungeon.
You were not hungry.

You visited 1 branch of the dungeon, and saw 1 of its levels.

You collected 62 gold pieces.

Inventory:

Hand Weapons
 c - a cursed -1 mace (weapon)
Armour
 a - a +0 robe (worn)
 b - a +0 hat (worn)
 e - a +0 pair of boots (worn)
Scrolls
 f - a scroll of blinking {unknown}
Potions
 g - a potion of ambrosia {unknown}
 h - a potion of might {unknown}
 i - a potion of agility {unknown}
Comestibles
 d - a ration


   Skills:
 - Level 1.5 Dodging
 - Level 2.1 Stealth
 + Level 3.4 Spellcasting
 + Level 2.1 Conjurations
   Level 0.8 Summonings
   Level 0.8 Translocations


You had 6 spell levels left.
You knew the following spells:

 Your Spells              Type           Power        Failure   Level  Hunger
a - Magic Dart            Conj           ##..         6%          1    None

Your spell library contained the following spells:

 Spells                   Type           Power        Failure   Level  Hunger
 Blink                    Tloc           N/A          17%         2    ##.....
 Call Imp                 Summ           #.......     17%         2    ##.....
 Slow                     Hex            #.......     24%         2    ##.....
 Conjure Flame            Conj/Fire      #.......     30%         3    ###....
 Mephitic Cloud           Conj/Pois/Air  #.......     34%         3    ###....


Dungeon Overview and Level Annotations

Branches:
Dungeon (1/15)

Altars:


Innate Abilities, Weirdness & Mutations

You are resistant to torment.
Your stone body is resilient. (AC +2)
You are immune to poison.
You resist negative energy. (rN+)
You are resistant to electric shocks. (rElec)
You can survive without breathing.
You are immune to petrification.
You are immune to rotting.


Message History

Aiming: Magic Dart (safe; 6% risk of failure)
Press: ? - help, Shift-Dir - straight line, f/p - gnoll
Aim: a gnoll, wielding a +0 flail (severely wounded)
The magic dart hits the gnoll but does no damage.
The gnoll is severely wounded.
The gnoll barely misses you.
Casting: Magic Dart (safe; 6% risk of failure)
Confirm with . or Enter, or press ? or * to list all spells.
You don't have enough magic to cast that spell.
Unknown command.
You closely miss the gnoll.
The gnoll is severely wounded.
The gnoll hits you with a +0 flail!
Ouch! That really hurt!
* * * LOW HITPOINT WARNING * * *
You closely miss the gnoll.
The gnoll is severely wounded.
The gnoll hits you with a +0 flail!
Ouch! That really hurt!
You die...

#.#... #.###. #.###'
#.#M#. #.###. #.#p#.
##+### ######## #.###.
#.....###......###.#K#.
#.....@.'......'...###.
#....g###......#####O#.
#).... ######## ###)
#..... #a#. #..... ###.
#..... #.#. #..... ###.
#..... #6#. ###.


You could see a gnoll.

Vanquished Creatures
  A dart slug (D:1)
  3 giant cockroaches (D:1)
  2 hobgoblins (D:1)
  2 jackals (D:1)
  A bat (D:1)
  4 frilled lizards (D:1)
  2 kobolds (D:1)
  2 rats (D:1)
17 creatures vanquished.

Notes
Turn   | Place    | Note
-------+----------+-------------------------------------------
     0 | D:1      | Essalna the Gargoyle Wizard began the quest for the Orb.
     0 | D:1      | Reached XP level 1. HP: 10/10 MP: 4/4
     2 | D:1      | Noticed an elf
     4 | D:1      | Noticed a troll
     4 | D:1      | Noticed a ghoul
     6 | D:1      | Noticed a vine stalker
     6 | D:1      | Noticed a human
     8 | D:1      | Noticed a tengu
     8 | D:1      | Noticed a spriggan
    10 | D:1      | Noticed an octopode
    10 | D:1      | Noticed a felid
    12 | D:1      | Noticed a gargoyle
    12 | D:1      | Noticed a demigod
    14 | D:1      | Noticed a demonspawn
    14 | D:1      | Noticed a naga
    16 | D:1      | Noticed a centaur
    18 | D:1      | Noticed a formicid
    18 | D:1      | Noticed a draconian
    20 | D:1      | Noticed an ogre
    20 | D:1      | Noticed a minotaur
    22 | D:1      | Noticed a vampire
    24 | D:1      | Noticed a halfling
    24 | D:1      | Noticed a dwarf
    26 | D:1      | Noticed a merfolk
   686 | D:1      | Reached XP level 2. HP: 15/15 MP: 0/6
  1329 | D:1      | Mangled by a gnoll

Levels and vault maps discovered:
D:1:      kb_arrival_jail, layout_basic, minmay_tromino_i4

Skill      XL: |  1  2 |
---------------+-------+-----
Conjurations   | 2 |  2.1
Dodging        | |  1.5
Stealth        | |  2.1
Spellcasting   | |  3.4
Summonings     | |  0.8
Translocations | |  0.8

Action                   || total
-------------------------++-------
Melee: Mace              ||    60
 Cast: Magic Dart        ||    29
 Stab: Sleeping          ||     1
  Eat: Chunk             ||     1
Armor: Robe              ||    37
Dodge: Dodged            ||    53

Table legend:
 A = Non-vault XP
 B = Vault XP
 C = Vault XP percentage of total XP
 D = Non-vault monster count
 E = Vault monster count
 F = Vault count percentage of total count
                 A         B        C        D         E       F
            +---------+---------+-------+---------+---------+-------
      Total |      27 |       0 |   0.0 |      17 |       0 |   0.0
            +---------+---------+-------+---------+---------+-------
        D:1 |      27 |       0 |   0.0 |      17 |       0 |   0.0
            +---------+---------+-------+---------+---------+-------
